 Dungeon Crawl Stone Soup version 0.28-a0-1510-gd0f6b136d3 (webtiles) character file.

Game seed: 17266616231215561581

45 comborobin the Sneak (level 3, -5/29 HPs)
             Began as a Demonspawn Delver on Jan 15, 2022.
             Slain by a gnoll (7 damage)
             ... on level 3 of the Dungeon.
             The game lasted 00:01:46 (862 turns).

comborobin the Sneak (Demonspawn Delver)             Turns: 862, Time: 00:01:47

Health: -5/29      AC:  4    Str: 14    XL:     3   Next: 42%
Magic:  3/3        EV: 11    Int: 11    God:
Gold:   0          SH:  0    Dex: 14    Spells: 2/2 levels left

rFire   . . .      SeeInvis .     - Unarmed
rCold   . . .      Faith    .   (no shield)
rNeg    . . .      Spirit   .   a - +0 leather armour
rPois   .          Reflect  .   (no helmet)
rElec   .          Harm     .   (no cloak)
rCorr   .          Rampage  .   c - +0 pair of gloves
Will    .....                   (no boots)
Stlth   ++........              (no amulet)
HPRegen 0.09/turn               (no ring)
MPRegen 0.08/turn               (no ring)

@: very slow
A: demonic touch 1
a: no special abilities


You were on level 3 of the Dungeon.
You visited 2 branches of the dungeon, and saw 5 of its levels.

Inventory:

Missiles
 h - 4 javelins (quivered)
Armour
 a - a +0 leather armour (worn)
 c - a +0 pair of gloves (worn)
 e - a +1 kite shield of positive energy
Wands
 f - a wand of digging (2)
Scrolls
 b - a scroll of fog


   Skills:
 - Level 3.0 Fighting
 - Level 1.8 Dodging
 - Level 4.5 Stealth
 + Level 3.5 Unarmed Combat


You had 2 spell levels left.
You didn't know any spells.
Your spell library was empty.

Dungeon Overview and Level Annotations

Branches:
Dungeon (6/15)             Temple (1/1) D:4

Altars:
Cheibriados
Fedhas
Gozag
Kikubaaqudgha
Okawaru
Qazlal
Ru
Trog
Vehumet
Wu Jian
Xom
Yredelemnul
Zin
The Shining One

Shops:
D:3 [

Annotations:
D:4 Sigmund


Innate Abilities, Weirdness & Mutations

Your touch may inflict minor irresistible damage on your foes.


Message History

You assume a fearsome visage.
The gnoll looks frightened! x2
The adder looks frightened!
You feel sick.
You climb upwards.
You feel sick. The gnoll hits you with a +0 club.
The gnoll hits you but does no damage.
There is a stone staircase leading down here.
You barely miss the gnoll.
You feel sick.
You are no longer poisoned.
The gnoll closely misses you.
You hit the gnoll.
The gnoll is lightly wounded.
The gnoll hits you with a +0 club.
* * * LOW HITPOINT WARNING * * *
Okay, then.
You aren't carrying any potions.
Unknown command.
As you read the scroll labelled XIGOLE MIG, it crumbles to dust.
The creatures around you are filled with an inner flame!
It was a scroll of immolation.
The gnoll closely misses you.
Okay, then.
Okay, then.
Really renounce your faith, foregoing its fabulous benefits?
Are you sure?
You have lost your religion!
Cheibriados does not appreciate desertion!
Cheibriados continues to slow your movements.
The gnoll hits you with a +0 club.
* * * LOW HITPOINT WARNING * * *
Unknown command.
The gnoll hits you with a +0 club.
* * * LOW HITPOINT WARNING * * *
The gnoll hits you with a +0 club.
* * * LOW HITPOINT WARNING * * *
You aren't carrying any potions.
Okay, then.
Okay, then.
The gnoll hits you with a +0 club.
* * * LOW HITPOINT WARNING * * *
The gnoll hits you with a +0 club!
You die...

.....##. ....#..
...#.# # ..#.# ..# ..
...# ... ....##..##.#
. #.......#G#.
#@#..###. #
#g#.............
#.###........_......
#..................
####..#..###...###
#...#.# #...#G# #
##.....###...###.#
#####...##............
#.....#.#..#......##


You could see a gnoll (inner flame).

Vanquished Creatures
  A bullfrog zombie (D:5)
  An adder (D:5)
  An orc (D:4)
  A giant cockroach (D:4)
  A quokka (D:3)
5 creatures vanquished.

Notes
Turn   | Place    | Note
-------+----------+-------------------------------------------
     0 | D:5      | comborobin the Demonspawn Delver began the quest for the
                  | Orb.
     0 | D:5      | Reached XP level 1. HP: 18/18 MP: 1/1
    45 | D:5      | Gained mutation: Your touch may inflict minor irresistible
                  | damage on your foes. [demonic ancestry]
    45 | D:5      | Reached XP level 2. HP: 10/24 MP: 2/2
   198 | D:5      | Reached XP level 3. HP: 3/29 MP: 3/3
   544 | D:4      | Noticed Sigmund
   552 | D:4      | Found a staircase to the Ecumenical Temple.
   675 | Temple   | Entered the Ecumenical Temple
   727 | Temple   | Became a worshipper of Cheibriados the Contemplative
   760 | D:4      | Noticed a scorpion
   798 | D:3      | Found a stormy altar of Qazlal.
   819 | D:3      | Found a faded altar of an unknown god.
   820 | D:3      | Noticed a floating eye
   824 | D:3      | Noticed a floating eye
   837 | D:3      | Found Voeciamm's Armour Emporium.
   850 | D:3      | Fell from the grace of Cheibriados
   862 | D:3      | Slain by a gnoll

Illustrated notes

Levels and vault maps discovered:
D:3:      layout_rooms, nicolae_sif_muna_little_library, grunt_qazlal_clouds,
          cheibrodos_ashenzari_chains, hellmonk_ecumenical_altar_watching_god,
          serial_shops, shop, uniq_robin
D:4:      layout_basic, temple_doors_cd, uniq_sigmund, uniq_blork_the_orc
D:5:      layout_layer_cave, overflow_temple_1_default,
          gammafunk_ghost_mausoleum, minmay_hollow_rounded_squares,
          uniq_eustachio, uniq_edmund, uniq_duvessa
D:6:      layout_gridville, lemuel_round_altar
Temple:   cyrus_circular_temple

Skill      XL: |  1  2 |
---------------+-------+-----
Unarmed Combat | 2 3 |  3.5
Fighting       | |  3.0
Dodging        | |  1.8
Stealth        | |  4.5

Action                   || total
-------------------------++-------
Melee: Unarmed           ||    27
       Touch             ||     3
Throw: Javelin           ||     3
Invok: Renounce Religion ||     1
Evoke: Wand              ||     1
  Use: Potion            ||     2
       Scroll            ||     3
 Stab: Sleeping          ||     1
Armor: Leather armour    ||    11
Dodge: Dodged            ||    19

Table legend: (Time is in decaauts)
 A = Elapsed time spent in this place.
 B = Non-inter-level travel time spent in this place.
 C = Inter-level travel time spent in this place.
 D = Time resting spent in this place.
 E = Time spent auto-exploring this place.
 F = Levels seen in this place.
 G = Mean time per level.
                   A        B        C        D        E       F      G
               +--------+--------+--------+--------+--------+-----+--------+
         Total |    876 |    826 |     50 |    458 |    130 |   5 |  175.2 |
       Dungeon |    802 |    784 |     18 |    458 |    104 |   4 |  200.5 |
        Temple |     74 |     42 |     32 |      0 |     26 |   1 |   74.0 |
               +--------+--------+--------+--------+--------+-----+--------+

Top non-repeatable levels by time:
     D:4: 341 daAuts
     D:5: 317 daAuts
     D:3: 123 daAuts
  Temple: 74 daAuts
     D:6: 20 daAuts
